 Dungeon Crawl Stone Soup version 0.15-a0-717-ga3c592f (webtiles) character file.

105 PolkaDot the Twirler (level 4, 0/33 HPs)
             Began as a Vampire Gladiator on May 10, 2014.
             Slain by an ogre
             ... wielding a +0,+0 giant spiked club
              (14 damage)
             ... on Level 3 of the Dungeon.
             The game lasted 00:05:14 (1867 turns).

PolkaDot the Twirler (Vampire Gladiator)            Turns: 1867, Time: 00:05:14

HP   0/33        AC  5     Str 14      XL: 4   Next: 53%
MP   4/4         EV 12     Int 10      God:
Gold 117         SH  0     Dex 15      Spells:  0 memorised,  3 levels left

rFire  . . .     SeeInvis +     a - +0 quarterstaff
rCold  . . .     Clarity  .     b - +0 leather armour
rNeg   . . .     Conserve .     (no shield)
rPois  .         rCorr    .     c - +0 helmet
rElec  .         rRot     .     (no cloak)
SustAb . .       Spirit   .     (no gloves)
rMut   .         Warding  .     t - +0 pair of boots
Gourm  .         Stasis   .     (no amulet)
MR     .....                    p - cursed ring of loudness
                                l - ring of wizardry

@: regenerating quickly, not resistant to hostile enchantments, extremely
unstealthy
A: fangs 3, see invisible, unbreathing
a: no special abilities


You were on level 3 of the Dungeon.
You were very full.

You visited 1 branch of the dungeon, and saw 3 of its levels.

You collected 117 gold pieces.

Inventory:

Hand weapons
 a - a +0,+0 quarterstaff (weapon)
Missiles
 d - 3 throwing nets (quivered)
Armour
 b - a +0 leather armour (worn)
 c - a +0 helmet (worn)
 t - a +0 pair of boots (worn)
Scrolls
 e - 2 scrolls of noise {unknown}
 h - a scroll of magic mapping {unknown}
 j - a scroll of random uselessness {unknown}
 k - 2 scrolls of remove curse {unknown}
 m - 2 scrolls of fear {unknown}
 n - 2 scrolls of identify {unknown}
 q - a scroll of fog {unknown}
 r - a scroll of teleportation {unknown}
Jewellery
 l - a ring of wizardry (left hand)
 p - a cursed ring of loudness (right hand)
Potions
 g - a potion of restore abilities {unknown}
 i - a potion of cure mutation {unknown}
 o - a potion of agility {unknown}
 s - a potion of lignification {unknown}


   Skills:
 - Level 1.7 Fighting
 + Level 4.4 Staves
 - Level 1.5 Throwing
 - Level 3.2 Dodging


You had 3 spell levels left.
You didn't know any spells.

Dungeon Overview and Level Annotations

Branches:
Dungeon (3/15)

Altars:


Innate Abilities, Weirdness & Mutations

Your natural rate of healing is unusually fast.
You have razor-sharp teeth.*
You have supernaturally acute eyesight.
You can survive without breathing.*


Message History

There's nothing to close nearby.
There's nothing to close nearby.
There's nothing to close nearby.
There's nothing to close nearby.
There's nothing to close nearby.
There's nothing to close nearby.
There's nothing to close nearby.
There's nothing to close nearby.
There's nothing to close nearby.
There's nothing to close nearby.
There's nothing to close nearby.
There's nothing to close nearby.
There's nothing to close nearby.
You start resting.
Drink which item? (? for menu, Esc to quit)
Okay, then.
You hit the ogre.
The ogre is moderately wounded.
The ogre hits you with a giant spiked club!
You die...

#.........................
#######.#####.#.#.#.#.+##
#.## ##### ... #..#
#####.#### ########'##
#........# #.......).#
#........# #.........#
#........#
#.........######........##
#........@#.....%.........
#.....<...O.####........##
#.........### #........#
#.........# #........#
########### #........#
#........# ##########


You could see an ogre.

Vanquished Creatures
  An orc priest (D:3)
  A worm (D:2)
  An ooze (D:1)
  6 giant geckos
  4 orcs (D:3)
  8 bats
  3 giant cockroaches
  4 goblins
  7 hobgoblins
  4 jackals (D:2)
  A quokka (D:2)
  2 ball pythons
  2 giant newts
  5 kobolds
  6 rats
55 creatures vanquished.

Notes
Turn   | Place    | Note
--------------------------------------------------------------
     0 | D:1      | PolkaDot, the Vampire Gladiator, began the quest for the Orb.
     0 | D:1      | Reached XP level 1. HP: 16/16 MP: 1/1
    56 | D:1      | Reached XP level 2. HP: 19/22 MP: 2/2
   700 | D:2      | Reached XP level 3. HP: 2/27 MP: 3/3
  1646 | D:3      | Reached skill level 4 in Staves
  1682 | D:3      | Reached XP level 4. HP: 26/33 MP: 4/4
  1779 | D:3      | Noticed an ogre
  1867 | D:3      | Slain by an ogre

Action                   |  1- 3 |  4- 6 || total
-------------------------+-------+-------++-------
Melee: Quarterstaff      |   140 |    16 ||   156
  Use: Potion            |     1 |     3 ||     4
